 Dungeon Crawl Stone Soup version 0.29.1-2-gbd0b4ee654 (webtiles) character file.

Game seed: 10700888886342311326

42 GorkyZ the Chopper (level 3, -3/22 HPs)
             Began as a Gargoyle Gladiator on Dec 1, 2022.
             Slain by a gnoll
             ... wielding a +1 vorpal halberd
              (5 damage)
             ... on level 2 of the Dungeon.
             The game lasted 00:01:45 (1157 turns).

GorkyZ the Chopper (Gargoyle Gladiator)             Turns: 1157, Time: 00:01:45

Health: -3/22      AC:  9    Str: 19    XL:     3   Next: 54%
Magic:  3/3        EV: 11    Int:  8    God:
Gold:   35         SH:  0    Dex: 11    Spells: 2/2 levels left

rFire   . . .      SeeInvis .   a - +0 war axe
rCold   . . .      Faith    .   (no shield)
rNeg    + . .      Spirit   .   f - +0 ring mail
rPois   ∞          Reflect  .   c - +0 helmet
rElec   +          Harm     .   (no cloak)
rCorr   .          Rampage  .   (no gloves)
Will    .....                   (no boots)
Stlth   +.........              (no amulet)
HPRegen 0.07/turn               (no ring)
MPRegen 0.08/turn               (no ring)

@: no status effects
A: sickness immunity, AC +3, negative energy resistance 1, electricity
resistance, torment resistance 1, petrification resistance
a: no special abilities


You were on level 2 of the Dungeon.
You visited 1 branch of the dungeon, and saw 2 of its levels.

You collected 35 gold pieces.

Inventory:

Hand Weapons
 a - a +0 war axe (weapon)
Missiles
 d - 3 throwing nets (quivered)
 e - a javelin
Armour
 b - a +0 leather armour
 c - a +0 helmet (worn)
 f - a +0 ring mail (worn)
Scrolls
 h - a scroll of fear {unknown}
 i - a scroll of silence {unknown}
 j - a scroll of summoning {unknown}
Potions
 g - 2 potions of curing {unknown}
 k - a potion of haste {unknown}
 l - a potion of berserk rage {unknown}


   Skills:
 + Level 2.6 Fighting
 + Level 3.0 Axes
 + Level 2.2 Throwing
 + Level 1.2 Armour
 + Level 2.7 Dodging


You had 2 spell levels left.
You didn't know any spells.
Your spell library contained the following spells:

 Spells                   Type           Power      Damage    Failure   Level
 Slow                     Hex            0%         N/A       58%         1
 Confusing Touch          Hex            0%         N/A       92%         3
 Vampiric Draining        Necr           0%         2d6       92%         3


Dungeon Overview and Level Annotations

Branches:
Dungeon (2/15)

Altars:

Shops:
D:1 :


Innate Abilities, Weirdness & Mutations

You are immune to sickness and miasma.
Your stone body is resilient. (AC +3)
You are immune to poison.
You resist negative energy. (rN+)
You are resistant to electric shocks. (rElec)
You are resistant to unholy torment.
You are immune to petrification.


Message History

The ball python constricts you. The adder bites you but does no damage.
The gnoll hits you but does no damage.
The ball python bites you but does no damage.
The ball python constricts you.
You barely miss the adder.
The adder is severely wounded.
You barely miss the ball python. The adder bites you but does no damage.
The gnoll hits you from afar with a +0 spear!
The ball python closely misses you. The ball python constricts you.
A gnoll comes into view. It is wielding a +1 vorpal halberd.
The adder barely misses you.
You closely miss the adder.
The adder is severely wounded.
The gnoll shouts!
You hit the rat but do no damage. You hit the ball python.
You kill the ball python!
You hear a shout!
The gnoll closely misses you. The adder barely misses you.
The rat bites you but does no damage. The gnoll hits you but does no damage.
The adder attacks as you move away! The adder bites you but does no damage.
The adder misses you. The adder barely misses you.
The gnoll hits you from afar with a +0 spear.
The rat attacks as you move away! The rat closely misses you.
The adder attacks as you move away! The adder barely misses you.
The adder bites you but does no damage. The adder attacks as you move away!
The adder completely misses you.
You closely miss the rat. The rat barely misses you. The rat bites you.
You barely miss the rat. The rat barely misses you.
You hit the rat.
You kill the rat!
The adder bites you.
You slash the adder!
You kill the adder!
The gnoll misses you.
Your Axes skill increases to level 3!
The gnoll hits you from afar with a +0 spear.
* * * LOW HITPOINT WARNING * * *
The gnoll hits you with a +1 vorpal halberd.
You die...

.#.~≈≈≈≈≈≈≈ #.#
#.~~≈≈≈~.~≈ #.#
#...~≈~._♣~ #.#
..≈~≈~.♣.~ #.# #.~~≈~≈~≈~
#.# #..~~≈~~≈~ #.#
#.≈~~~~~~≈
#.#######~.......~
#..#####.....@gg.~....~..
#.......†######......####
##.#####.# ######## #.#
####.#### #.......#
#.......# #.......#
#.........


You could see 2 gnolls.

Vanquished Creatures
  An adder (D:2)
  4 endoplasms (D:1)
  2 giant cockroaches (D:1)
  4 goblins (D:1)
  A hobgoblin (D:2)
  2 jackals (D:1)
  A kobold (D:1)
  A quokka (D:2)
  3 ball pythons
  4 bats
  3 frilled lizards (D:1)
  3 rats
29 creatures vanquished.

Notes
Turn   | Place    | Note
-------+----------+-------------------------------------------
     0 | D:1      | GorkyZ the Gargoyle Gladiator began the quest for the Orb.
     0 | D:1      | Reached XP level 1. HP: 12/12 MP: 1/1
   117 | D:1      | Reached XP level 2. HP: 13/18 MP: 2/2
   624 | D:1      | Found Qoassaarph's Vocational Training.
   738 | D:1      | Reached skill level 1 in Armour
   962 | D:1      | Reached XP level 3. HP: 21/22 MP: 3/3
  1141 | D:2      | Found a faded altar of an unknown god.
  1157 | D:2      | Reached skill level 3 in Axes
  1157 | D:2      | Slain by a gnoll

Illustrated notes

Levels and vault maps discovered:
D:1:      eino_arrival_cavern_d, layout_loops_ring, nicolae_shop_vocational
D:2:      layout_loops_ring, chequers_ecumenical_altar_island

Skill      XL: |  1  2  3 |
---------------+----------+-----
Throwing       | 2 |  2.2
Armour         | 1 |  1.2
Axes           | 3 |  3.0
Fighting       | |  2.6
Dodging        | |  2.7

Action                   || total
-------------------------++-------
Melee: War axe           ||    79
Armor: Leather armour    ||    15
       Ring mail         ||    33
Dodge: Dodged            ||    64
